SAAA
KEY WEST CORAL REEFERS @ PURE MICHIGAN GREAT LAKERS
05/12/2033
 
TOP OF THE 1ST
Key West Coral Reefers batting - Pitching for Pure Michigan Great Lakers : RHP Frederick Vázquez
Pitching: RHP Frederick Vázquez
Batting: LHB Jordan Westacott 0-0: Ground out 1-3 (Groundball, 13S)
Batting: RHB Juan Martínez 0-0: Foul Ball, location: 2F
0-1: Called Strike
0-2: Ball
1-2: Ball
2-2: Foul Ball, location: 2F
2-2: Ball
3-2: Foul Ball, location: 2F
3-2: Foul Ball, location: 2F
3-2: Foul Ball, location: 2F
3-2: Fly out, F4 (Line Drive, 4M)
Batting: SHB Dave Atkins 0-0: Called Strike
0-1: Ground out 4-3 (Groundball, 4)
Top of the 1st over - 0 runs, 0 hits, 0 errors, 0 left on base; Key West 0 - Pure Michigan 0
BOTTOM OF THE 1ST
Pure Michigan Great Lakers batting - Pitching for Key West Coral Reefers : RHP David Gómez
Pitching: RHP David Gómez
Batting: SHB Cyrille Baffi 0-0: Ground out 3-1 (Groundball, 34)
Batting: LHB Javier Reyes 0-0: Ball
1-0: Foul Ball, location: 2F
1-1: DOUBLE (Line Drive, 8LD)
Batting: RHB Alco Compagne 0-0: Ball
1-0: Ground out 5-3 (Groundball, 56)
Batting: LHB Yin-reng Hsueh 0-0: Called Strike
0-1: Foul Ball, location: 2F
0-2: Foul Ball, location: 2F
0-2: Ball
1-2: Ground out 3-1 (Groundball, 34S)
Bottom of the 1st over - 0 runs, 1 hit, 0 errors, 1 left on base; Key West 0 - Pure Michigan 0
TOP OF THE 2ND
Key West Coral Reefers batting - Pitching for Pure Michigan Great Lakers : RHP Frederick Vázquez
Batting: LHB John Hansen 0-0: Called Strike
0-1: Ground out 6-3 (Groundball, 6)
Batting: SHB Tony Walsh 0-0: Foul Ball, location: 2F
0-1: Ball
1-1: Ground out 6-3 (Groundball, 6)
Batting: RHB Arturo Scantlebury 0-0: Ball
1-0: Called Strike
1-1: Foul Ball, location: 2F
1-2: Strikes out swinging
Top of the 2nd over - 0 runs, 0 hits, 0 errors, 0 left on base; Key West 0 - Pure Michigan 0
BOTTOM OF THE 2ND
Pure Michigan Great Lakers batting - Pitching for Key West Coral Reefers : RHP David Gómez
Batting: RHB Dan Hendricks 0-0: Ball
1-0: Called Strike
1-1: Foul Ball, location: 2F
1-2: Ball
2-2: Ball
3-2: Strikes out swinging
Batting: SHB Allen Pandey 0-0: Ball
1-0: Fly out, F4 (Popup, 4M)
Batting: SHB Tony Gutiérrez 0-0: Called Strike
0-1: Swinging Strike
0-2: Ball
1-2: Strikes out swinging
Bottom of the 2nd over - 0 runs, 0 hits, 0 errors, 0 left on base; Key West 0 - Pure Michigan 0
TOP OF THE 3RD
Key West Coral Reefers batting - Pitching for Pure Michigan Great Lakers : RHP Frederick Vázquez
Batting: LHB Landon Harryman 0-0: Called Strike
0-1: Ball
1-1: Foul Ball, location: 2F
1-2: Ball
2-2: Ball
3-2: DOUBLE (Groundball, 3L)
Batting: RHB Miguel Montoya 0-0: Ball
1-0: Ball
2-0: Ball
3-0: Called Strike
3-1: Base on Balls
Batting: RHB Ed Lastinger 0-0: Fielders Choice at 2nd, 4-6 (Groundball, 4)
Landon Harryman to third
Batting: LHB Jordan Westacott 0-0: Fielders Choice at 2nd, 6-4 (Groundball, 6)
Landon Harryman scores
Batting: RHB Juan Martínez 0-0: Ball
Jordan Westacott steals 2nd base
1-0: Called Strike
1-1: Ball
Jordan Westacott steals 3rd base
2-1: Ground out U3 (Groundball, 34)
Top of the 3rd over - 1 run, 1 hit, 0 errors, 1 left on base; Key West 1 - Pure Michigan 0
BOTTOM OF THE 3RD
Pure Michigan Great Lakers batting - Pitching for Key West Coral Reefers : RHP David Gómez
Batting: LHB Gilberto Moreno 0-0: Ball
1-0: Foul Ball, location: 2F
1-1: Foul Ball, location: 2F
1-2: Ball
2-2: Ball
3-2: Base on Balls
Batting: LHB Victor Schuur 0-0: Fly out, F7 (Flyball, 78M)
Batting: SHB Cyrille Baffi 0-0: Fly out, F8 (Flyball, 8RD)
Batting: LHB Javier Reyes 0-0: Ball
1-0: Ball
2-0: Ball
3-0: Called Strike
3-1: Ground out 1-3 (Groundball, 13)
Bottom of the 3rd over - 0 runs, 0 hits, 0 errors, 1 left on base; Key West 1 - Pure Michigan 0
TOP OF THE 4TH
Key West Coral Reefers batting - Pitching for Pure Michigan Great Lakers : RHP Frederick Vázquez
Batting: SHB Dave Atkins 0-0: Fly out, F8 (Line Drive, 8RM)
Batting: LHB John Hansen 0-0: Ground out 5-3 (Groundball, 56)
Batting: SHB Tony Walsh 0-0: Called Strike
0-1: Ball
1-1: Ball
2-1: Called Strike
2-2: Foul Ball, location: 2F
2-2: Fly out, F8 (Flyball, 8LD)
Top of the 4th over - 0 runs, 0 hits, 0 errors, 0 left on base; Key West 1 - Pure Michigan 0
BOTTOM OF THE 4TH
Pure Michigan Great Lakers batting - Pitching for Key West Coral Reefers : RHP David Gómez
Batting: RHB Alco Compagne 0-0: Ball
1-0: Swinging Strike
1-1: Swinging Strike
1-2: Strikes out looking
Batting: LHB Yin-reng Hsueh 0-0: Called Strike
0-1: Swinging Strike
0-2: Ball
1-2: Ball
2-2: Strikes out swinging, 2-3 out at first.
Batting: RHB Dan Hendricks 0-0: Ball
1-0: Called Strike
1-1: Ball
2-1: Foul Ball, location: 2F
2-2: Strikes out swinging
Bottom of the 4th over - 0 runs, 0 hits, 0 errors, 0 left on base; Key West 1 - Pure Michigan 0
TOP OF THE 5TH
Key West Coral Reefers batting - Pitching for Pure Michigan Great Lakers : RHP Frederick Vázquez
Batting: RHB Arturo Scantlebury 0-0: Ball
1-0: Ball
2-0: Called Strike
2-1: Foul Ball, location: 2F
2-2: Strikes out swinging
Batting: LHB Landon Harryman 0-0: Ball
1-0: Ball
2-0: Swinging Strike
2-1: Called Strike
2-2: Foul Ball, location: 2F
2-2: Ground out 4-3 (Groundball, 4)
Batting: RHB Miguel Montoya 0-0: Ball
1-0: Foul Ball, location: 2F
1-1: Foul Ball, location: 2F
1-2: Ball
2-2: Ball
3-2: Ground out 5-3 (Groundball, 5)
Top of the 5th over - 0 runs, 0 hits, 0 errors, 0 left on base; Key West 1 - Pure Michigan 0
BOTTOM OF THE 5TH
Pure Michigan Great Lakers batting - Pitching for Key West Coral Reefers : RHP David Gómez
Batting: SHB Allen Pandey 0-0: Foul Ball, location: 2F
0-1: Ball
1-1: Fly out, F9 (Flyball, 89M)
Batting: SHB Tony Gutiérrez 0-0: Fly out, F9 (Flyball, 89S)
Batting: LHB Gilberto Moreno 0-0: Called Strike
0-1: Ball
1-1: Ball
2-1: Fly out, F8 (Flyball, 8RS)
Bottom of the 5th over - 0 runs, 0 hits, 0 errors, 0 left on base; Key West 1 - Pure Michigan 0
TOP OF THE 6TH
Key West Coral Reefers batting - Pitching for Pure Michigan Great Lakers : RHP Frederick Vázquez
Batting: RHB Ed Lastinger 0-0: Ball
1-0: Ground out 6-3 (Groundball, 6)
Batting: LHB Jordan Westacott 0-0: Ball
1-0: Fly out, F9 (Flyball, 9D)
Batting: RHB Juan Martínez 0-0: Foul Ball, location: 2F
0-1: Ground out 4-3 (Groundball, 34)
Top of the 6th over - 0 runs, 0 hits, 0 errors, 0 left on base; Key West 1 - Pure Michigan 0
BOTTOM OF THE 6TH
Pure Michigan Great Lakers batting - Pitching for Key West Coral Reefers : RHP David Gómez
Batting: LHB Victor Schuur 0-0: Called Strike
0-1: Ball
1-1: Called Strike
1-2: Ball
2-2: Ground out U3 (Groundball, 3L)
Batting: SHB Cyrille Baffi 0-0: Ball
1-0: Foul Ball, location: 2F
1-1: Swinging Strike
1-2: Ball
2-2: Ball
3-2: Fly out, F7 (Flyball, 7LM)
Batting: LHB Javier Reyes 0-0: Ball
1-0: Called Strike
1-1: Foul Ball, location: 2F
1-2: Strikes out swinging
Bottom of the 6th over - 0 runs, 0 hits, 0 errors, 0 left on base; Key West 1 - Pure Michigan 0
TOP OF THE 7TH
Key West Coral Reefers batting - Pitching for Pure Michigan Great Lakers : RHP Frederick Vázquez
Batting: SHB Dave Atkins 0-0: Ball
1-0: Ball
2-0: Ground out 6-3 (Groundball, 4M)
Pitching: LHP I-tsing Ts'ong
Batting: LHB John Hansen 0-0: Ball
1-0: Foul Ball, location: 2F
1-1: Foul Ball, location: 2F
1-2: Ball
2-2: Ball
3-2: Base on Balls
Pinch Runner at 1st Juan Torres:
Batting: SHB Tony Walsh 0-0: Called Strike
Juan Torres steals 2nd base
0-1: Ball
1-1: Called Strike
1-2: Ground out 4-3 (Groundball, 4S)
Juan Torres to third
Batting: RHB Arturo Scantlebury 0-0: Intentional Walk
Pinch Hitting: RHB Leo Cadden 0-0: Ball
1-0: Swinging Strike
1-1: Called Strike
1-2: Strikes out swinging
Top of the 7th over - 0 runs, 0 hits, 0 errors, 2 left on base; Key West 1 - Pure Michigan 0
BOTTOM OF THE 7TH
Pure Michigan Great Lakers batting - Pitching for Key West Coral Reefers : RHP David Gómez
Now in RF: Leo Cadden
Batting: RHB Alco Compagne 0-0: Ball
1-0: Foul Ball, location: 2F
1-1: Called Strike
1-2: Hit by Pitch
Batting: LHB Yin-reng Hsueh 0-0: Called Strike
0-1: SINGLE (Flyball, 4D)
Alco Compagne to second
Pinch Hitting: LHB Michael Cochran 0-0: Swinging Strike
0-1: Ball
1-1: Called Strike
1-2: Foul Ball, location: 2F
1-2: Ball
2-2: Foul Ball, location: 2F
2-2: Foul Ball, location: 2F
2-2: Strikes out looking
Batting: SHB Allen Pandey 0-0: Ball
1-0: Called Strike
1-1: Called Strike
1-2: Fielders Choice at 2nd, 6-4 (Groundball, 6)
Alco Compagne to third
Pinch Hitting: LHB Roberto Valle 0-0: Called Strike
0-1: Ball
1-1: Swinging Strike
1-2: Strikes out swinging
Bottom of the 7th over - 0 runs, 1 hit, 0 errors, 2 left on base; Key West 1 - Pure Michigan 0
TOP OF THE 8TH
Key West Coral Reefers batting - Pitching for Pure Michigan Great Lakers : LHP I-tsing Ts'ong
Now at 2B: Roberto Valle
Now at 3B: Júlio Morín
Batting: RHB Miguel Montoya 0-0: Ball
1-0: Swinging Strike
1-1: Foul Ball, location: 2F
1-2: Ball
2-2: Foul Ball, location: 2F
2-2: Foul Ball, location: 2F
2-2: Foul Ball, location: 2F
2-2: Ball
3-2: Foul Ball, location: 2F
3-2: Base on Balls
Batting: RHB Ed Lastinger 0-0: Ball
1-0: Sac Bunt - play at first, batter OUT! 3-4
Miguel Montoya to second
Batting: LHB Jordan Westacott 0-0: Ball
1-0: SINGLE (Groundball, 4MD)
Miguel Montoya to third
Runner from 3rd tries for Home, SAFE, no throw
Batting: RHB Juan Martínez 0-0: Ball
1-0: Ball
2-0: Swinging Strike
2-1: Ball
3-1: Base on Balls
Jordan Westacott to second
Batting: SHB Dave Atkins 0-0: Ball
Jordan Westacott steals 3rd base
Juan Martínez to second
1-0: Intentional Walk
Batting: SHB Juan Torres 0-0: Ball
1-0: Swinging Strike
1-1: Grounds into fielders choice 6-2 (Groundball, 6)
Juan Martínez to third
Dave Atkins to second
Batting: SHB Tony Walsh 0-0: Foul Ball, location: 2F
0-1: Swinging Strike
0-2: Ball
1-2: Strikes out swinging
Top of the 8th over - 1 run, 1 hit, 0 errors, 3 left on base; Key West 2 - Pure Michigan 0
BOTTOM OF THE 8TH
Pure Michigan Great Lakers batting - Pitching for Key West Coral Reefers : RHP David Gómez
Pitching: RHP Ricky O'Toole
Batting: LHB Gilberto Moreno 0-0: Called Strike
0-1: Ground out 4-3 (Groundball, 34D)
Batting: LHB Victor Schuur 0-0: Fly out, F9 (Flyball, 9S)
Batting: SHB Cyrille Baffi 0-0: Swinging Strike
0-1: Swinging Strike
0-2: Ball
1-2: Ball
2-2: Fly out, F7 (Flyball, 7LM)
Bottom of the 8th over - 0 runs, 0 hits, 0 errors, 0 left on base; Key West 2 - Pure Michigan 0
TOP OF THE 9TH
Key West Coral Reefers batting - Pitching for Pure Michigan Great Lakers : LHP I-tsing Ts'ong
Batting: RHB Arturo Scantlebury 0-0: Reached on error, E3 (Groundball, 34)
Batting: RHB Leo Cadden 0-0: Ball
1-0: Grounds into double play, 5-4-3 (Groundball, 56)
Batting: RHB Miguel Montoya 0-0: Ground out 6-3 (Groundball, 6)
Top of the 9th over - 0 runs, 0 hits, 1 error, 0 left on base; Key West 2 - Pure Michigan 0
BOTTOM OF THE 9TH
Pure Michigan Great Lakers batting - Pitching for Key West Coral Reefers : RHP Ricky O'Toole
Pitching: RHP Bob Grzelak
Batting: LHB Javier Reyes 0-0: Called Strike
0-1: Ball
1-1: Swinging Strike
1-2: Foul Ball, location: 2F
1-2: Ground out 1-3 (Groundball, 15S)
Batting: RHB Alco Compagne 0-0: Swinging Strike
0-1: Ground out 6-3 (Groundball, 6MS)
Batting: LHB Yin-reng Hsueh 0-0: Ball
1-0: SINGLE (Groundball, 56D)
Batting: RHB Júlio Morín 0-0: Ball
1-0: Called Strike
1-1: Ball
2-1: Ball
3-1: Foul Ball, location: 2F
3-2: Strikes out looking
Bottom of the 9th over - 0 runs, 1 hit, 0 errors, 1 left on base; Key West 2 - Pure Michigan 0
Saturday, December 22nd, 2018 - OOTP Baseball 18.8 Build 76